 Dungeon Crawl Stone Soup version 0.28.0-45-g0d030f2227 (webtiles) character file.

Game seed: 14120308053730321387

133 rageheart7 the Skirmisher (level 5, -1/44 HPs)
             Began as a Barachi Delver on Apr 16, 2022.
             Slain by Ijyb
             ... wielding a +0 club
              (2 damage)
             ... on level 5 of the Dungeon.
             The game lasted 00:02:06 (1005 turns).

rageheart7 the Skirmisher (Barachi Delver)          Turns: 1005, Time: 00:02:07

Health: -1/44      AC:  3    Str: 15    XL:     5   Next: 16%
Magic:  5/5        EV: 12    Int: 10    God:
Gold:   13         SH:  0    Dex: 14    Spells: 4/4 levels left

rFire   . . .      SeeInvis .   i - +1 great sword
rCold   . . .      Faith    .   (shield currently unavailable)
rNeg    . . .      Spirit   .   b - +0 leather armour
rPois   .          Reflect  .   (no helmet)
rElec   .          Harm     .   (no cloak)
rCorr   .          Rampage  .   (no gloves)
Will    .....                   (no boots)
Stlth   ++........              (no amulet)
HPRegen 0.14/turn               (no ring)
MPRegen 0.09/turn               (no ring)

@: slow
A: amphibious, slowness 1, strong legs 1, +LOS
a: Hop


You were on level 5 of the Dungeon.
You visited 1 branch of the dungeon, and saw 1 of its levels.

You collected 13 gold pieces.

Inventory:

Hand Weapons
 a - a +0 falchion
 i - a +1 great sword (weapon)
Armour
 b - a +0 leather armour (worn)
Wands
 g - a wand of digging (3)
Scrolls
 c - 2 scrolls of fog
 d - a scroll of magic mapping
 e - a scroll of fear
 j - a scroll of identify
Potions
 f - a potion of curing


   Skills:
 * Level 5.4 Fighting
 * Level 4.7 Long Blades
 - Level 2.1 Dodging
 - Level 4.5 Stealth


You had 4 spell levels left.
You didn't know any spells.
Your spell library was empty.

Dungeon Overview and Level Annotations

Branches:
Dungeon (5/15)
 Temple: D:4-7

Altars:
Elyvilon
Zin

Annotations:
D:5 Ijyb


Innate Abilities, Weirdness & Mutations

You are amphibious.
You cover ground slowly.
You can hop short distances.
You have an extended range of vision and can be seen from far away.


Message History

There is a stone staircase leading down here.
c - 2 scrolls of fog (gained 1) Ijyb the Twisted Goblin comes into view.
She is wielding a +0 club, wearing a +4 ring mail of poison resistance and carrying a wand of digging (6).
Found a stone staircase leading down.
Ijyb is nearby!
Ijyb shouts!
There is a stone staircase leading down here.
Ijyb closely misses you.
You closely miss Ijyb. Ijyb completely misses you.
Ijyb hits you with a +0 club.
You closely miss Ijyb. Ijyb closely misses you.
You hit Ijyb but do no damage. Ijyb hits you with a +0 club. x2
You closely miss Ijyb. Ijyb closely misses you.
You closely miss Ijyb. Ijyb completely misses you.
Ijyb hits you with a +0 club.
Unknown command.
Unknown command.
Unknown command.
Unknown command.
You barely miss Ijyb. Ijyb hits you with a +0 club.
You closely miss Ijyb. Ijyb hits you with a +0 club.
You closely miss Ijyb. Ijyb hits you with a +0 club.
Ijyb hits you with a +0 club!
You closely miss Ijyb. Ijyb hits you with a +0 club.
* * * LOW HITPOINT WARNING * * *
You slash Ijyb!
Ijyb is heavily wounded.
Ijyb screams, "Get away!"
Ijyb barely misses you. Ijyb hits you with a +0 club.
* * * LOW HITPOINT WARNING * * *
You barely miss Ijyb.
Ijyb is heavily wounded.
Ijyb hits you with a +0 club.
* * * LOW HITPOINT WARNING * * *
You barely miss Ijyb.
Ijyb is heavily wounded.
Ijyb hits you with a +0 club.
* * * LOW HITPOINT WARNING * * *
Ijyb hits you with a +0 club.
You die...

.# #.# #.. #.# #
#.# #. #.#
#.#####.###.#
######...........#
.......g@>...#
.###########.# #.#
#.# #.# #.# #.#
#.###########.#
#.##..........# ##
#.##.########.#
###.+ #.##.# #.##
###...#


You could see Ijyb.

Vanquished Creatures
  A phantom (D:5)
  A bullfrog skeleton (D:5)
  2 hound zombies (D:5)
  2 jackals (D:5)
6 creatures vanquished.

Notes
Turn   | Place    | Note
-------+----------+-------------------------------------------
     0 | D:5      | rageheart7 the Barachi Delver began the quest for the Orb.
     0 | D:5      | Reached XP level 1. HP: 18/18 MP: 1/1
    14 | D:5      | Found a glowing silver altar of Zin.
    15 | D:5      | Found a white marble altar of Elyvilon.
   126 | D:5      | Reached skill level 4 in Fighting
   126 | D:5      | Reached XP level 2. HP: 7/25 MP: 2/2
   364 | D:5      | Noticed a centaur
   383 | D:5      | Noticed a phantom
   418 | D:5      | HP: 1/25 [phantom (3)]
   419 | D:5      | Killed a phantom
   420 | D:5      | Reached skill level 5 in Fighting
   420 | D:5      | Reached XP level 3. HP: 2/33 MP: 3/3
   420 | D:5      | Reached XP level 4. HP: 2/39 MP: 4/4
   722 | D:5      | Reached XP level 5. HP: 25/44 MP: 5/5
   989 | D:5      | Noticed Ijyb
  1005 | D:5      | HP: 1/44 [Ijyb/+0 club (5)]
  1005 | D:5      | Slain by Ijyb

Illustrated notes

Levels and vault maps discovered:
D:5:      minmay_skewed_foursquare, layout_loops_ring,
          mainiacjoe_overflow_24_doors, gammafunk_temple_overflow_pools,
          uniq_ijyb

Skill      XL: |  1  2 |
---------------+-------+-----
Fighting       | 4 5 |  5.4
Long Blades    | 3 4 |  4.7
Dodging        | |  2.1
Stealth        | |  4.5

Action                   |  1- 3 |  4- 6 || total
-------------------------+-------+-------++-------
Melee: Great sword       |    33 |    26 ||    59
  Use: Potion            |     1 |       ||     1
       Scroll            |       |     2 ||     2
Armor: Leather armour    |     9 |     4 ||    13
Dodge: Dodged            |    20 |    17 ||    37
